 Dungeon Crawl Stone Soup version 0.30-a0-808-g6e0788376e (webtiles) character file.

Game seed: 2072263482000808849

589466 dialectric the Slayer (level 26, -13/210 (228) HPs)
             Began as a Demonspawn Fighter on Feb 23, 2023.
             Was the Champion of Qazlal.
             Mangled by a demonspawn warmonger
             ... wielding a +1 battleaxe of electrocution
             ... summoned by a shadow demon
             ... summoned by a shadow demon
              (17 damage)
             ... on level 7 of a ziggurat on Feb 25, 2023.
             The game lasted 03:12:29 (58561 turns).

dialectric the Slayer (Demonspawn Fighter)         Turns: 58561, Time: 03:12:29

HP:   -13/210 (228) AC: 28    Str: 26    XL:     26   Next: 17%
MP:   36/41         EV: 49    Int: 13    God:    Qazlal [******]
Gold: 4580          SH: 20    Dex: 15    Spells: 40/53 levels left

rFire   + + .      SeeInvis +    P - +8 rapier of Honesty {spect, rPois rF+ Will+ Str+3 Dex-4}
rCold   + . .      Faith    .    f - +3 buckler {reflect}
rNeg    . . .      Spirit   .    C - +7 chain mail "Hero's Friend" {rCorr}
rPois   +          Reflect  +    (helmet unavailable)
rElec   .          Harm     .    g - +1 cloak "Diloq" {SInv}
rCorr   +          Rampage  .    z - +0 pair of gloves of Ziowapnu {+Inv Will+ Regen+}
Will    +++..                    a - +2 pair of slick slippers {slick, slippery, EV+5} Stlth
                                 X - amulet of the acrobat
HPRegen 1.35/turn                O - ring of the Hare {EV+10}
MPRegen 0.27/turn                Q - ring of the Octopus King {Wiz HP+2 AC+2 EV+2 SH+2}

@: protected from physical damage, corroded, acrobatic, slowed, studying 2
skills, drained, repel missiles, unable to drink, very slow
A: horns 3, demonic guardian 3, black mark, sharp scales 3, demonic magic 3,
bedeviling, aura of silence, clever 1, cold resistance 1, fire resistance 1,
strong 1, inability to drink after injury 2, inability to read after injury 1
}: 3/15 runes: barnacled, silver, gossamer
a: Renounce Religion, Evoke Invisibility, Upheaval, Elemental Force, Disaster
Area


You were on level 7 of a ziggurat.
You worshipped Qazlal.
Qazlal was exalted by your worship.
You visited 13 branches of the dungeon, and saw 52 of its levels.
You visited 1 ziggurat, and saw 7 of its levels.
You also visited: Sewer, Gauntlet, Ice Cave, Volcano, Wizlab and Desolation.

You collected 7686 gold pieces.
You spent 3106 gold pieces at shops.

Inventory:

Hand Weapons
 P - the +8 rapier of Honesty (weapon) {spect, rPois rF+ Will+ Str+3 Dex-4}
   (You took it off a minotaur in a Gauntlet)

   Str:       It affects your strength (+3).
   Dex:       It affects your dexterity (-4).
   rF:        It protects you from fire.
   rPois:     It protects you from poison.
   Will:      It increases your willpower.
 U - the +5 long sword of Causality {freeze, rElec rN+ Int+3 Stlth+}
   (You took it off a centaur warrior on level 11 of the Dungeon)

   Int:       It affects your intelligence (+3).
   rElec:     It insulates you from electricity.
   rN:        It protects you from negative energy.
   Stlth:     It makes you more stealthy.
Missiles
 y - 3 throwing nets
 R - 6 silver javelins (quivered)
Armour
 a - the +2 pair of slick slippers (worn) {slick, slippery, EV+5}
   (You acquired it on level 8 of the Dungeon)

   Slick:     Its wearer cannot be constricted, engulfed, netted or webbed.
   Slippery:  It slips away from damaging melee attacks, pulling the attacker
   onward.
   EV:        It affects your evasion (+5).
 b - a +2 cloak of poison resistance
 f - a +3 buckler of reflection (worn)
 g - the +1 cloak "Diloq" (worn) {SInv}
   (You found it on level 3 of the Spider Nest)

   SInv:      It lets you see invisible.
 v - the +8 chain mail of the Equinox {rC+ Will+ Dex+4}
   (You found it on level 5 of the Vaults)

   Dex:       It affects your dexterity (+4).
   rC:        It protects you from cold.
   Will:      It increases your willpower.
 z - the +0 pair of gloves of Ziowapnu (worn) {+Inv Will+ Regen+}
   (You found it in a Gauntlet)

   +Inv:      It lets you turn invisible.
   Regen:     It increases your rate of health regeneration.
   Will:      It increases your willpower.
 C - the +7 chain mail "Hero's Friend" (worn) {rCorr}
   (You found it on level 3 of the Shoals)

   rCorr:     It protects you from acid and corrosion.
 I - the +0 pair of boots "Devvic" {Fly rCorr Int+6 Dex-4}
   (You found it in an ice cave)

   Int:       It affects your intelligence (+6).
   Dex:       It affects your dexterity (-4).
   Fly:       It grants you flight.
   rCorr:     It protects you from acid and corrosion.
Jewellery
 j - the ring "Xeuloe" {Fire rElec Will+++ rCorr Dex-4}
   (You found it on level 5 of a ziggurat)

   [ring of fire]

   It enhances your fire magic.
   Dex:       It affects your dexterity (-4).
   rF:        It protects you from fire.
   rC:        It makes you vulnerable to cold.
   rElec:     It insulates you from electricity.
   rCorr:     It protects you from acid and corrosion.
   Will:      It greatly increases your willpower.
 l - a +5 ring of evasion
 t - a +4 ring of slaying
 B - the ring "Saumoham" {rN+ Will+ MP+9 Str+3}
   (You took it off a deep elf sorcerer on level 3 of the Elven Halls)

   [ring of magical power]

   Str:       It affects your strength (+3).
   rN:        It protects you from negative energy.
   MP:        It affects your magic capacity (+9).
   Will:      It increases your willpower.
 K - the ring "Isi Yrin" {rC+ rN+ Dex+3}
   (You took it off an ogre mage on level 5 of the Vaults)

   [ring of positive energy]

   Dex:       It affects your dexterity (+3).
   rC:        It protects you from cold.
   rN:        It protects you from negative energy.
 M - the ring of Ikhuothro {rElec MP-9 Str+4 Int+2 Dex+6}
   (You found it on level 5 of the Vaults)

   [ring of dexterity]

   Str:       It affects your strength (+4).
   Int:       It affects your intelligence (+2).
   Dex:       It affects your dexterity (+6).
   rElec:     It insulates you from electricity.
   MP:        It affects your magic capacity (-9).
 N - the ring "Dumiroy" {rElec rF+++ rC+ Will- Str+3}
   (You took it off a merfolk impaler on level 4 of the Shoals)

   [ring of protection from cold]

   Str:       It affects your strength (+3).
   rF:        It renders you almost immune to fire.
   rC:        It protects you from cold.
   rElec:     It insulates you from electricity.
   Will:      It decreases your willpower.
 O - the ring of the Hare (left hand) {EV+10}
   (You took it off a deep elf elementalist on level 3 of the Elven Halls)

   [ring of evasion]

   EV:        It affects your evasion (+10).
 Q - a ring of the Octopus King (right hand) {Wiz HP+2 AC+2 EV+2 SH+2}
   (You found it on level 5 of a ziggurat)

   [ring of wizardry]

   It improves your spell success rate.
   AC:        It affects your AC (+2).
   EV:        It affects your evasion (+2).
   HP:        It affects your health (+2).
   SH:        It affects your SH (+2).
 T - the ring of Hepliaklqana's Grace {rF+ rC- rN+ rCorr Int+4}
   (You found it in an ice cave)

   [ring of positive energy]

   Int:       It affects your intelligence (+4).
   rF:        It protects you from fire.
   rC:        It makes you vulnerable to cold.
   rN:        It protects you from negative energy.
   rCorr:     It protects you from acid and corrosion.
 W - a ring of see invisible
 X - an amulet of the acrobat (around neck)
Wands
 A - a wand of digging (13)
 V - a wand of iceblast (8)
Scrolls
 c - 10 scrolls of poison
 h - 5 scrolls of vulnerability
 n - a scroll of blinking
 q - 2 scrolls of fog
 r - 12 scrolls of teleportation
 u - 6 scrolls of enchant armour
 D - a scroll of fear
 E - 2 scrolls of acquirement
 G - 10 scrolls of magic mapping
 H - 5 scrolls of immolation
 S - 7 scrolls of enchant weapon
 Z - 2 scrolls of silence
Potions
 d - a potion of magic
 e - 8 potions of ambrosia
 i - 17 potions of flight
 k - a potion of berserk rage
 m - 5 potions of haste
 o - 3 potions of invisibility
 p - 22 potions of curing
 w - 2 potions of resistance
 x - 5 potions of heal wounds
 F - 4 potions of cancellation
 J - 6 potions of might
Miscellaneous
 s - a phial of floods (inert)
 L - a phantom mirror (inert)
 Y - a piece from Xom's chessboard (15/15)


   Skills:
 * Level 22.5 Fighting
 + Level 17.5(19.0) Short Blades
 - Level 12.4(16.4) Long Blades
 - Level 3.0 Throwing
 + Level 18.0 Armour
 * Level 18.2 Dodging
 - Level 6.3 Stealth
 - Level 12.0 Shields
 - Level 14.0 Spellcasting
 - Level 9.1 Hexes
 - Level 0.3 Transmutations
 - Level 7.2 Ice Magic
 + Level 7.0 Air Magic
 * Level 13.0 Invocations
 - Level 5.3 Evocations


You had 40 spell levels left.
You knew the following spells:

 Your Spells              Type           Power      Damage    Failure   Level
a - Ensorcelled Hibernat  Hex/Ice        90%        N/A       1%          2
b - Tukima's Dance        Hex            49%        N/A       1%          3
c - Silence               Hex/Air        22%        N/A       12%         5
d - Swiftness             Air            27%        N/A       1%          3

Your spell library contained the following spells:

 Spells                   Type           Power      Damage    Failure   Level
 Slow                     Hex            100%       N/A       1%          1
 Confusing Touch          Hex            49%        N/A       1%          3
 Ozocubu's Armour         Ice            27%        N/A       1%          3
 Shock                    Conj/Air       72%        1d7       2%          1
 Cause Fear               Hex            24%        N/A       2%          4
 Poisonous Vapours        Pois/Air       36%        N/A       4%          2
 Static Discharge         Conj/Air       36%        2-4/arc   4%          2
 Dazzling Flash           Conj/Hex       62%        N/A       6%          3
 Portal Projectile        Hex/Tloc       62%        N/A       6%          3
 Airstrike                Air            13%        2d(2-18)  6%          4
 Hailstorm                Conj/Ice       18%        3d6       9%          3
 Vhi's Electric Charge    Tloc/Air       36%        N/A       9%          3
 Beastly Appendage        Tmut           18%        N/A       11%         1
 Apportation              Tloc           18%        N/A       12%         1
 Foxfire                  Conj/Fire      36%        2x1d5     12%         1
 Kiss of Death            Conj/Necr      36%        2d8       12%         1
 Necrotise                Necr           36%        1d5       12%         1
 Sandblast                Erth           18%        2d7       12%         1
 Summon Small Mammal      Summ           36%        N/A       12%         1
 Metabolic Englaciation   Hex/Ice        22%        N/A       12%         5
 Kindle Blastsparks       Fire/Tloc/Air  30%        2d12      13%         3
 Passwall                 Tmut/Erth      7%         N/A       16%         2
 Wereblood                Tmut           9%         N/A       16%         2
 Blink                    Tloc           18%        N/A       17%         2
 Momentum Strike          Conj/Tloc      18%        3d8       17%         2
 Sublimation of Blood     Necr           9%         N/A       17%         2
 Anguish                  Hex/Necr       15%        N/A       17%         4
 Fulminant Prism          Conj/Hex       15%        3d10      17%         4
 Leda's Liquefaction      Hex/Erth       15%        N/A       17%         4
 Ice Form                 Ice/Tmut       18%        N/A       24%         4
 Summon Ice Beast         Ice/Summ       18%        N/A       26%         4
 Gell's Gravitas          Tloc           9%         N/A       32%         3
 Ignite Poison            Fire/Tmut/Pois 9%         N/A       32%         3
 Spider Form              Tmut/Pois      9%         N/A       32%         3
 Stone Arrow              Conj/Erth      18%        3d8       32%         3
 Teleport Other           Tloc           9%         N/A       32%         3
 Vampiric Draining        Necr           9%         2d6       32%         3
 Freezing Cloud           Conj/Ice/Air   10%        6-21      41%         5
 Yara's Violent Unravell  Hex/Tmut       16%        3d8       41%         5
 Summon Mana Viper        Hex/Summ       31%        N/A       43%         5
 Arcjolt                  Conj/Air       9%         1d19      56%         5
 Lightning Bolt           Conj/Air       9%         1d21      56%         5
 Petrify                  Tmut/Erth      9%         N/A       69%         4
 Animate Armour           Summ/Erth      18%        N/A       71%         4
 Dispel Undead            Necr           9%         3d8       71%         4
 Iskenderun's Mystic Bla  Conj/Tloc      9%         2d4       71%         4
 Manifold Assault         Tloc           9%         N/A       71%         4
 Passage of Golubria      Tloc           9%         N/A       71%         4
 Blade Hands              Tmut           4%         N/A       94%         5
 Alistair's Intoxication  Tmut/Pois      6%         N/A       95%         5
 Fireball                 Conj/Fire      4%         3d4       95%         5
 Irradiate                Conj/Tmut      4%         3d13      95%         5
 Lee's Rapid Deconstruct  Erth           4%         3d5*      95%         5
 Summon Forest            Summ/Tloc      4%         N/A       95%         5
 Simulacrum               Ice/Necr       9%         N/A       98%         6
 Ozocubu's Refrigeration  Ice            13%        4d10      99%         7
 Dispersal                Tloc           4%         N/A       100%        6
 Iron Shot                Conj/Erth      4%         9d2       100%        6
 Starburst                Conj/Fire      4%         6d4       100%        6
 Statue Form              Tmut/Erth      6%         N/A       100%        6
 Dragon Form              Tmut           4%         N/A       100%        7
 Monstrous Menagerie      Summ           4%         N/A       100%        7
 Storm Form               Tmut/Air       9%         N/A       100%        7
 Summon Hydra             Summ           4%         N/A       100%        7
 Discord                  Hex            24%        N/A       100%        8
 Disjunction              Tloc           4%         N/A       100%        8
 Lehudib's Crystal Spear  Conj/Erth      4%         10d3      100%        8
 Dragon's Call            Summ           4%         N/A       100%        9
 Shatter                  Erth           4%         3d8*      100%        9


Dungeon Overview and Level Annotations

Branches:
Dungeon (15/15)            Temple (0/1) D:6            Lair (5/5) D:9
 Shoals (4/4) Lair:2       Spider (4/4) Lair:3        Slime (3/5) Lair:5
    Orc (2/2) D:12            Elf (3/3) Orc:2        Vaults (5/5) D:13
  Crypt (1/3) Vaults:2     Depths (4/4) D:15           Hell (visited)
    Dis (0/7) Hell            Geh (1/7) Hell            Coc (0/7) Hell
    Tar (0/7) Hell            Zot (4/5) Depths:4      Sewer (visited)
  IceCv (visited)         Volcano (visited)          WizLab (visited)
Desolation (visited)      Gauntlet (visited)

Altars:
Ashenzari
Dithmenos
Fedhas
Kikubaaqudgha
Nemelex Xobeh
Okawaru
Qazlal
Ru
Sif Muna
Xom
Yredelemnul
Jiyva
Lugonu

Shops:
D:6 (   D:10 **   D:12 [   Orc:2 *[:(   Elf:3 ([:*   Shoals:2 :
Shoals:3 (*[*(*:=*   Vaults:1 (?*(=

Portals:
Hell: Depths:1 Depths:2 Depths:3 Depths:4
Abyss: Lair:5 Depths:3 Depths:4
Pandemonium: Depths:2 Depths:4
Trove: D:10 (give 17 potions of curing)

Annotations:
D:8 2 transporters, GiantSquids's ghost, novice GrFE
Vaults:2 Zenata
Crypt:1 1 transporter


Innate Abilities, Weirdness & Mutations

You have a pair of large horns on your head.
A powerful demonic guardian rushes to your aid.
Your melee attacks may debilitate your foes.
You are completely covered in razor-sharp scales. (AC +3, Slay +3)
Spells you cast and wands you use may paralyse nearby enemies.
Your hexes are more powerful.
You are surrounded by an aura of silence.
Your mind is acute. (Int +4, Str/Dex -1)
Your flesh is cold resistant. (rC+)
Your flesh is heat resistant. (rF+)
Your muscles are strong. (Str +4, Int/Dex -1)
You sometimes lose the ability to drink potions when taking damage.
You occasionally lose the ability to read scrolls when taking damage.


Message History

Your attacks no longer feel as feeble.
The quicksilver dragon is struck by lightning.
You block the quicksilver dragon's attack.
The quicksilver dragon completely misses you.
The Tzitzimitl is engulfed in blazing flames.
Flame seeps out of the Tzitzimitl.
The Tzitzimitl engulfs you.
* * * LOW HITPOINT WARNING * * *
The Tzitzimitl drains your vigour!
You feel yourself slow down.
You feel your power leaking away. You block the Tzitzimitl's attack.
You block the quicksilver dragon's attack.
The quicksilver dragon completely misses you.
The sphinx is engulfed in spectral mist.
The deep elf high priest is engulfed in spectral mist.
The demonspawn blood saint is engulfed in freezing vapours.
Rietek sneers, "Quit, thou tasty snack!"
Rietek gestures.
You resist with almost no effort.
Your Executioner resists with almost no effort.
The demonspawn black sun completely misses you.
The green death is engulfed in blazing flames.
The green death misses you.
The demonspawn corrupter invokes the aid of Lugonu against you.
The entropic weave corrodes you!
The iron dragon completely misses you. x2
The iron dragon misses you.
The Tzitzimitl is engulfed in blazing flames.
Flame seeps out of the Tzitzimitl.
The Tzitzimitl closely misses you. You block the Tzitzimitl's attack.
The quicksilver dragon bites you!
* * * LOW HITPOINT WARNING * * *
Your resistance to fire fades away.
You feel protected from physical attacks.
The quicksilver dragon completely misses you.
The mummy priest mumbles some strange prayers to its god against you.
Something smites you!
* * * LOW HITPOINT WARNING * * *
The demonspawn warmonger is engulfed in blazing flames.
The demonspawn warmonger misses you.
The demonspawn warmonger completely misses you.
The demonspawn warmonger gores you!
You die...

▓▓▓▓▓▓▓▓▓
▓.......▓
▓▓▓▓▓.......▓▓▓▓▓
▓.............§.▓
▓..........§§eX)▓
▓.........HM336∩▓
▓∩........e296e&▓
▓.........226666▓
▓........23Y21@D▓
▓.........212D21▓
▓▓▓▓▓......2▓▓▓▓▓
▓.......▓
▓▓▓▓▓▓▓▓▓


You could see Rietek (strong, agile, black mark), a demonspawn warmonger
(summoned, fast, strong, agile, black mark), an iron dragon (summoned, fast,
strong, agile, black mark, resistant, unsilenced), a dire elephant (summoned,
berserk, black mark, resistant), a Tzitzimitl (summoned, fast, inner flame,
black mark, resistant, unsilenced, ally target), a deep elf blademaster
(summoned, fast, agile), a cacodemon (summoned, inner flame, agile, black mark),
3 demonspawn blood saints, a demonspawn corrupter (summoned, fast, strong,
agile, black mark, resistant), a demonspawn black sun (fast, agile, black mark,
resistant), a quicksilver dragon (summoned, fast, unsilenced), a sphinx
(summoned), a lorocyproca (summoned, fast, strong, black mark, resistant,
invisible), a reaper (fast, strong, agile, black mark, resistant), a green death
(summoned, berserk, fast, strong, agile, black mark, resistant, unsilenced), an
Executioner (summoned, fast, black mark, resistant), 2 blizzard demons, a mummy
priest (summoned), a deep elf sorcerer (summoned, fast, resistant), 3 soul
eaters, 3 shadow demons, a war gargoyle (summoned), a deep elf high priest
(summoned, berserk, resistant), a large abomination (summoned, fast, strong,
agile, black mark, resistant) and a friendly Executioner (summoned, unsilenced,
weak, magic disrupted).

Vanquished Creatures
  2 orbs of fire (Zot:1)
  2 ancient liches
  Mara (Vaults:5)
  Mennas (Depths:4)
  A juggernaut (Zig:3)
  Josephina (Zot:1)
  Sojobo (Vaults:5)
  Boris (Vaults:5)
  Frederick (Depths:3)
  Saint Roka (Elf:2)
  Bai Suzhen (Depths:1)
  Geryon (Hell)
  A caustic shrike (Depths:3)
  4 golden dragons
  Nikola (Vaults:1)
  2 bone dragons
  Arachne (Spider:2)
  2 doom hounds (Zot:4)
  An iron giant (Zig:3)
  17 tentacled monstrosities
  Rupert (Lair:3)
  A Brimstone Fiend (Hell)
  A tainted leviathan (Hell)
  A Hell Sentinel (Spider:3)
  Grunn (Zot:4)
  A deep elf blademaster (Elf:3)
  5 quicksilver dragons
  A walking divine tome (Depths:3)
  4 liches
  3 krakens (Shoals:3)
  5 acid blobs
  2 deep elf master archers (Elf:3)
  Gastronok (Lair:3)
  7 sphinxes
  Frances (Spider:2)
  A titan (Depths:4)
  An ancient champion (Zig:5)
  5 death cobs
  9 storm dragons
  9 shadow dragons
  10 fire giants
  4 tengu reavers
  A revenant (Zig:5)
  2 rockslimes (Slime:2)
  2 azure jellies (Slime:1)
  5 draconian knights
  The ghost of cforsyth the Unseen, an adept KoBr of Hepliaklqana (Spider:3)
  3 draconian monks
  5 ghost moths
  7 deep elf sorcerers
  4 draconian scorchers
  2 emperor scorpions
  3 frost giants
  13 vault wardens
  5 draconian shifters
  2 narguns (Zig:4)
  3 orc warlords
  A juggernaut zombie (Hell)
  5 iron dragons
  An angel (Depths:3)
  5 deep elf elementalists (Elf:3)
  17 ironbound preservers
  5 draconian annihilators
  18 very ugly things
  4 draconian stormcallers
  3 quicksilver oozes
  6 war gargoyles
  A spriggan defender (Depths:2)
  4 reapers
  A juggernaut skeleton (Hell)
  14 stone giants
  A broodmother (Spider:4)
  3 ironbound thunderhulks
  9 black draconians
  Nessos (Lair:3)
  3 vampire knights
  4 deep elf demonologists (Elf:3)
  6 green draconians
  13 dire elephants
  An eleionoma (Zig:6)
  4 putrid mouths (Hell)
  A minotaur (Gauntlet)
  A bunyip (Zig:6)
  11 purple draconians
  10 white draconians
  3 red draconians
  9 deep elf annihilators
  6 yellow draconians
  6 spark wasps
  Snorg (Lair:3)
  6 crystal guardians
  6 merfolk impalers
  5 deep elf death magi
  11 ettins
  5 merfolk javelineers
  8 entropy weavers
  3 fire dragons
  12 yaktaur captains
  A rakshasa (D:15)
  5 deep elf high priests
  An entropy weaver (shapeshifter) (D:15)
  3 jiangshi (Depths:2)
  8 great orbs of eyes
  4 ice dragons
  4 jorogumos
  25 vault guards
  3 caustic shrike simulacra
  3 death knights
  6 hydras
  3 radroaches
  2 merfolk avatars
  3 peacekeepers
  9 ironbound frosthearts
  A catoblepas (Gauntlet)
  A spriggan skeleton (Hell)
  5 ogre magi
  29 dancing weapons
  6 boulder beetles
  21 centaur warriors
  A two-headed ogre (shapeshifter) (Vaults:5)
  15 two-headed ogres
  4 merfolk aquamancers
  9 deep troll shamans
  A fenstrider witch skeleton (Hell)
  3 vampire magi
  2 satyrs
  3 tengu warriors
  14 death yaks
  7 hell hogs
  5 deep troll earth magi
  An orc high priest (Orc:2)
  4 spriggan berserkers
  A shock serpent (shapeshifter) (Vaults:5)
  3 thrashing horrors (Lair:5)
  6 sun demons
  A skyshark (shapeshifter) (Vaults:5)
  6 hell knights
  2 soul eaters
  10 deep elf knights
  A fire crab (D:15)
  2 shadow wraiths
  2 skysharks
  4 sixfirhies
  6 iron trolls
  4 skeletal warriors (D:14)
  6 pharaoh ants
  A storm dragon skeleton (Hell)
  Amaemon (D:9)
  A shadow demon (Depths:2)
  A sun moth (Spider:3)
  4 sea snakes
  A goliath frog (Zig:6)
  5 bog bodies
  A flayed ghost (Vaults:5)
  An obsidian statue (IceCv)
  2 glowing orange brains
  56 deep trolls
  A spriggan druid (Zig:6)
  6 orb spiders
  A ghost moth zombie (Zot:4)
  6 deep elf archers
  6 necromancers
  2 spriggan simulacra (IceCv)
  10 steelbarb worms
  9 ironbound convokers
  22 deep elf pyromancers
  11 wizards
  2 large abominations (Lair:5)
  16 harpies
  3 phantasmal warriors (Vaults:5)
  8 orc knights
  3 lindwurms (Vaults:2)
  17 deep elf zephyrmancers
  A salamander (Depths:4)
  25 wolf spiders
  6 cyclopes
  5 orc sorcerers
  A stone giant zombie (Hell)
  15 manticores
  8 fauns
  40 ugly things
  An elephant (shapeshifter) (Lair:5)
  2 will-o-the-wisps (Zig:6)
  Maurice (Orc:1)
  6 black mambas
  A moth of wrath (shapeshifter) (Vaults:5)
  8 rust devils
  4 elephants (Lair:3)
  A guardian serpent (Desolation)
  30 moths of wrath
  6 vault sentinels
  9 merfolk sirens
  11 water nymphs
  An eye of devastation (Depths:4)
  10 cane toads
  13 demonic crawlers
  3 torpor snails
  Psyche (D:9)
  A kobold demonologist (D:11)
  2 orange demons
  4 gargoyles
  A smoke demon (Depths:4)
  4 komodo dragons
  A tormentor (Geh:1)
  33 yaktaurs
  3 unseen horrors
  A yaktaur zombie (Vaults:4)
  8 anaconda simulacra (IceCv)
  2 sea snake zombies (Hell)
  8 tengu conjurers
  A spark wasp simulacrum (Zig:4)
  3 ice devils
  3 golden dragon simulacra
  A sea snake skeleton (Hell)
  A red devil (Depths:2)
  17 freezing wraiths
  An elf skeleton (Vaults:4)
  3 meliai
  10 trolls
  2 hydra zombies (Hell)
  2 hellwings
  2 ancient zymes (Lair:5)
  A hornet (shapeshifter) (Lair:5)
  19 merfolk
  5 saltlings (Desolation)
  24 tarantellas
  5 hornets
  10 wind drakes
  A hydra skeleton (Hell)
  A fire dragon zombie (Hell)
  A tarantella (shapeshifter) (Depths:2)
  A dream sheep (shapeshifter) (Vaults:4)
  2 dream sheep (Lair:4)
  17 jumping spiders
  27 blink frogs
  5 snapping turtles
  5 air elementals (Shoals:4)
  A spriggan (shapeshifter) (Lair:5)
  Sigmund (D:4)
  4 spriggans
  3 ynoxinuls (Lair:5)
  100 slime creatures
  7 wyverns
  16 culicivoras
  A slime creature (shapeshifter) (Depths:3)
  3 vampires
  A naga simulacrum (Hell)
  4 fire elementals (Volcano)
  6 wraiths
  37 yaks
  20 water elementals
  7 basilisks
  2 fire bats (Depths:4)
  A wyvern (shapeshifter) (D:11)
  A dire elephant simulacrum (IceCv)
  3 chaos spawn
  45 redbacks
  A white draconian simulacrum (Zot:1)
  14 vampire mosquitoes
  5 steam dragons
  A warg (Orc:1)
  2 minotaur simulacra (IceCv)
  An ogre zombie (Vaults:4)
  8 small abominations (Lair:5)
  3 harpy simulacra (IceCv)
  Edmund (D:4)
  A warg (shapeshifter) (D:15)
  A floating eye (shapeshifter) (Depths:4)
  2 floating eyes
  4 acid dragons
  A water moccasin (shapeshifter) (Elf:3)
  6 hell hounds (Volcano)
  13 water moccasins
  A moth of wrath simulacrum (Zot:1)
  An ice beast (D:8)
  2 sky beasts
  3 hydra simulacra
  38 orc warriors
  2 black bears
  6 alligator simulacra
  An ettin simulacrum (IceCv)
  9 ogres
  13 wolves
  15 centaurs
  A wolf (shapeshifter) (Depths:3)
  3 boggarts (D:15)
  3 kobold brigands
  2 necrophages
  A human zombie (Vaults:4)
  13 bullfrogs
  A deep troll simulacrum (IceCv)
  A bullfrog (shapeshifter) (D:11)
  An earth elemental (WizLab)
  A gnoll sergeant (D:9)
  3 scorpions
  6 wights
  A hornet simulacrum (D:15)
  9 killer bees
  2 lindwurm simulacra (IceCv)
  9 electric eels
  3 howler monkeys
  2 lava snakes (Lair:4)
  4 hounds
  4 jellies
  24 orc priests
  2 iguanas (D:5)
  30 orc wizards
  Robin (D:2)
  4 gnolls (D:9)
  10 adders
  A shadow imp (D:7)
  2 white imps
  An ufetubus (D:7)
  6 worms
  A dart slug (D:2)
  76 orcs
  5 ball pythons
  16 bats
  5 endoplasms
  8 giant cockroaches
  17 goblins
  9 hobgoblins
  10 jackals
  12 quokkas
  8 frilled lizards
  19 kobolds
  5 rats
  A butterfly (Lair:2)
  2 creeping infernos
  4 fire vortices
  3 tentacles (Shoals:3)
2089 creatures vanquished.

Vanquished Creatures (collateral kills)
  A juggernaut (Depths:2)
  A golden dragon (Vaults:5)
  A deep elf blademaster (Elf:3)
  A storm dragon (Shoals:4)
  3 shadow dragons
  A fire giant (Vaults:5)
  An iron dragon (Depths:3)
  An emperor scorpion (Spider:4)
  A draconian scorcher (Zot:2)
  A vault warden (Vaults:3)
  A deep elf elementalist (Elf:3)
  2 ironbound preservers (Vaults:1)
  An ironbound thunderhulk (Vaults:3)
  2 deep elf demonologists
  A green draconian (Depths:4)
  A purple draconian (Depths:4)
  A white draconian (Zot:2)
  A deep elf annihilator (Elf:3)
  2 ettins
  A blizzard demon (Hell)
  2 merfolk impalers (Shoals:4)
  A great orb of eyes (Vaults:4)
  3 vault guards
  An ice dragon (Depths:4)
  Erica (D:8)
  A merfolk aquamancer (Shoals:4)
  A hell hog (Hell)
  2 two-headed ogres
  A deep troll earth mage (Depths:3)
  A soul eater (Hell)
  A deep elf knight (Elf:2)
  A sun demon (Hell)
  A skeletal warrior (D:14)
  An anaconda zombie (Hell)
  A phantasmal warrior (Vaults:5)
  An ironbound convoker (Vaults:5)
  A deep elf pyromancer (Elf:1)
  2 harpies
  A deep elf zephyrmancer (Elf:1)
  2 fauns
  A moth of wrath (Spider:4)
  An oklob plant (Gauntlet)
  A rust devil (Depths:3)
  2 water nymphs (Shoals:1)
  A centaur skeleton (Crypt:1)
  A gargoyle (Gauntlet)
  A demonic crawler (Spider:1)
  A yaktaur (Vaults:2)
  A merfolk (Shoals:2)
  2 wind drakes
  2 dream sheep (Lair:4)
  A blink frog (Lair:4)
  2 water elementals
  A steam dragon (D:8)
  A redback (Spider:3)
  A vampire mosquito (D:11)
  An orc warrior (D:12)
  A centaur (D:9)
  2 bullfrogs
  An orc priest (Orc:2)
  An iguana (D:6)
  An orc wizard (Orc:2)
  3 adders
  A worm (D:7)
  6 orcs
  2 ball pythons (Sewer)
  An endoplasm (Sewer)
  A frilled lizard (D:10)
  4 kobolds
  A fire vortex (Hell)
  A tentacle (Shoals:3)
98 creatures vanquished.

Vanquished Creatures (others)
  Asterion (Vaults:1)
  2 vault wardens (Vaults:5)
  A deep elf elementalist (Elf:3)
  A deep elf demonologist (Vaults:5)
  A deep elf death mage (Elf:3)
  A merfolk impaler (Shoals:4)
  A deep elf knight (Elf:1)
  A deep troll (Vaults:1)
  A deep elf pyromancer (Elf:3)
  A merfolk (Shoals:3)
  3 dancing weapons
  A redback (Spider:3)
  A water moccasin (D:9)
  An orc warrior (D:12)
  An orc wizard (Orc:2)
  An orc (D:7)
  10 foxfires (Zig:6)
  51 fungi
  73 plants
  3 starspawn tentacles (Zig:7)
  15 tentacles (Shoals:3)
171 creatures vanquished.

Grand Total: 2358 creatures vanquished

Notes
Turn   | Place    | Note
-------+----------+-------------------------------------------
     0 | D:1      | dialectric the Demonspawn Fighter began the quest for the
                  | Orb.
     0 | D:1      | Reached XP level 1. HP: 18/18 MP: 1/1
   224 | D:1      | Gained mutation: A weak demonic guardian rushes to your
                  | aid. [demonic ancestry]
   224 | D:1      | Reached XP level 2. HP: 24/24 MP: 2/2
   917 | D:2      | Noticed Robin
  1060 | D:3      | Reached XP level 3. HP: 29/29 MP: 3/3
  1383 | D:3      | Found a glowing drain.
  1409 | Sewer    | Entered a sewer
  1429 | Sewer    | Reached skill level 1 in Dodging
  1429 | Sewer    | Gained mutation: A demonic guardian rushes to your aid.
                  | [demonic ancestry]
  1429 | Sewer    | Reached XP level 4. HP: 16/35 MP: 4/4
  1947 | Sewer    | Reached skill level 6 in Fighting
  1947 | Sewer    | Gained mutation: You have a pair of small horns on your
                  | head. [demonic ancestry]
  1947 | Sewer    | Reached XP level 5. HP: 4/46 MP: 5/5
  1952 | Sewer    | Gained mutation: You are partially covered in razor-sharp
                  | scales. (AC +1, Slay +1) [demonic ancestry]
  1952 | Sewer    | Reached XP level 6. HP: 15/52 MP: 6/6
  2909 | D:4      | Noticed Edmund
  2917 | D:4      | Killed Edmund
  3117 | D:4      | Found a stormy altar of Qazlal.
  3119 | D:4      | Found a shadowy altar of Dithmenos.
  3121 | D:4      | Found an iron altar of Okawaru.
  3131 | D:4      | Found a basalt altar of Yredelemnul.
  3132 | D:4      | Found a blossoming altar of Fedhas.
  3148 | D:4      | Became a worshipper of Qazlal Stormbringer
  3338 | D:4      | Noticed Sigmund
  3369 | D:5      | Entered Level 5 of the Dungeon
  3672 | D:5      | Gained mutation: Spells you cast may paralyse adjacent
                  | enemies. [demonic ancestry]
  3672 | D:5      | Reached XP level 7. HP: 59/59 MP: 7/7
  4540 | D:4      | Killed Sigmund
  4541 | D:4      | Gained mutation: You are mostly covered in razor-sharp
                  | scales. (AC +2, Slay +2) [demonic ancestry]
  4541 | D:4      | Reached XP level 8. HP: 61/65 MP: 8/8
  4651 | D:4      | Reached * piety under Qazlal
  4794 | D:4      | Found an ancient bone altar of Kikubaaqudgha.
  5246 | D:6      | Reached skill level 5 in Stealth
  5316 | D:6      | Found a staircase to the Ecumenical Temple.
  5427 | D:6      | Reached skill level 7 in Fighting
  5431 | D:6      | Learned a level 1 spell: Beastly Appendage
  5439 | D:6      | Found Dobraff's Antique Weapon Boutique.
  5681 | D:7      | Reached ** piety under Qazlal
  5753 | D:7      | Reached skill level 5 in Long Blades
  5753 | D:7      | Gained mutation: Spells you cast may paralyse nearby
                  | enemies. [demonic ancestry]
  5753 | D:7      | Reached XP level 9. HP: 45/72 MP: 9/9
  6878 | D:8      | Noticed Erica
  6896 | D:8      | Killed Erica
  6896 | D:8      | Reached *** piety under Qazlal
  7068 | D:8      | Gained mutation: You are completely covered in razor-sharp
                  | scales. (AC +3, Slay +3) [demonic ancestry]
  7068 | D:8      | Reached XP level 10. HP: 32/79 MP: 10/10
  7255 | D:8      | Identified the +1 giant spiked club of the Sneaky Queens
                  | {flame, rPois rF- rCorr}
  7255 | D:8      | Noticed GiantSquids's ghost (novice GrFE)
  7256 | D:8      | Found a transporter.
  7279 | D:8      | Noticed a two-headed ogre
  7282 | D:8      | Killed a two-headed ogre
  7709 | D:8      | Found a sparkling altar of Nemelex Xobeh.
  7890 | D:8      | Found a transporter.
  7922 | D:8      | Identified a scroll of acquirement
  7922 | D:8      | Acquired the +2 pair of slick slippers {slick, slippery,
                  | EV+5}
  7922 | D:8      | Found the +2 pair of slick slippers {slick, slippery, EV+5}
  7971 | D:9      | Noticed Psyche
  7992 | D:9      | Noticed a two-headed ogre
  8828 | D:9      | Found a shimmering blue altar of Sif Muna.
  8899 | D:9      | Killed Psyche
  8911 | D:9      | Reached **** piety under Qazlal
  8931 | D:9      | Reached skill level 1 in Evocations
  8942 | D:9      | Killed a two-headed ogre
  9124 | D:9      | Found a staircase to the Lair.
  9243 | D:9      | Reached skill level 10 in Long Blades
  9382 | D:10     | Entered Level 10 of the Dungeon
  9437 | D:10     | Reached XP level 11. HP: 84/84 MP: 11/11
  9456 | D:10     | Reached skill level 1 in Throwing
  9594 | D:10     | Noticed a two-headed ogre
  9596 | D:10     | Found Vexuov's General Store.
  9599 | D:10     | Killed a two-headed ogre
  9603 | D:10     | Found Aliteasm's Specific Store.
  9700 | D:10     | Found a sacrificial altar of Ru.
  9965 | D:10     | Found a portal to a secret trove of treasure.
 10202 | D:10     | Found a broken altar of Ashenzari.
 10357 | D:11     | Found a gate leading to a gauntlet.
 10398 | D:11     | Noticed a boulder beetle
 10433 | Gauntlet | Entered a Gauntlet
 10433 | Gauntlet | Found a transporter.
 10433 | Gauntlet | Found a transporter.
 10435 | Gauntlet | Noticed a catoblepas
 10526 | Gauntlet | Found a transporter.
 10527 | Gauntlet | Found a transporter.
 10531 | Gauntlet | Noticed a tengu warrior
 10535 | Gauntlet | Found a transporter.
 10539 | Gauntlet | Found a transporter.
 10542 | Gauntlet | Noticed a death scarab
 10543 | Gauntlet | Found a runed translucent door.
 10543 | Gauntlet | Found a runed translucent door.
 10547 | Gauntlet | Found a transporter.
 10548 | Gauntlet | Noticed a death scarab
 10560 | Gauntlet | Noticed a sixfirhy
 10560 | Gauntlet | Noticed a sixfirhy
 10562 | Gauntlet | Found a runed translucent gate.
 10563 | Gauntlet | Found a transporter.
 10563 | Gauntlet | Found a runed translucent gate.
 10564 | Gauntlet | Found a runed translucent gate.
 10577 | Gauntlet | Found a transporter.
 10581 | Gauntlet | Found a transporter.
 10589 | Gauntlet | Found a transporter.
 10593 | Gauntlet | Found a transporter.
 10727 | Gauntlet | Killed a catoblepas
 10750 | Gauntlet | Reached ***** piety under Qazlal
 10783 | Gauntlet | Noticed an oklob plant
 10800 | Gauntlet | HP: 3/85 [oklob plant/splash of acid (21)]
 10802 | Gauntlet | Killed an oklob plant
 10812 | Gauntlet | Got the Compendium of the Solid Door
 10993 | Gauntlet | Killed a sixfirhy
 11000 | Gauntlet | Killed a sixfirhy
 11006 | Gauntlet | Identified the +0 pair of gloves of Ziowapnu {+Inv Will+
                  | Regen+}
 11037 | Gauntlet | Identified the +8 rapier of Honesty {spect, rPois rF+ Will+
                  | Str+3 Dex-4}
 11037 | Gauntlet | Identified the +5 chain mail of the Ant {rF+ rCorr Int-2}
 11037 | Gauntlet | Noticed a minotaur
 11046 | Gauntlet | Killed a minotaur
 11047 | Gauntlet | Reached skill level 8 in Fighting
 11066 | Gauntlet | Got the Spellbook of Jinxing
 11070 | Gauntlet | Identified the +2 robe of Ujisin Vopn {Int+7 Dex-2}
 11071 | Gauntlet | Got the Grimoire of the Volcano and Pollution
 11138 | D:11     | Gained mutation: Spells you cast and wands you use may
                  | paralyse nearby enemies. [demonic ancestry]
 11138 | D:11     | Reached XP level 12. HP: 64/92 MP: 12/12
 11142 | D:11     | Killed a boulder beetle
 11236 | D:11     | Noticed a two-headed ogre
 11249 | D:11     | Killed a two-headed ogre
 11360 | D:11     | Noticed a two-headed ogre
 11524 | D:11     | Identified the +5 long sword of Causality {freeze, rElec
                  | rN+ Int+3 Stlth+}
 11524 | D:11     | Noticed a centaur warrior
 11536 | D:11     | Killed a centaur warrior
 11537 | D:11     | Reached skill level 9 in Fighting
 11547 | D:11     | Killed a two-headed ogre
 11585 | D:11     | Noticed a boulder beetle
 11597 | D:11     | Killed a boulder beetle
 11598 | D:11     | Reached skill level 1 in Short Blades
 11598 | D:11     | Noticed a centaur warrior
 11608 | D:11     | Killed a centaur warrior
 12088 | D:11     | Identified the +7 spear of Semaseytorr {venom, Str+4 Dex+7}
 12129 | D:12     | Noticed an ogre mage
 12129 | D:12     | Noticed a two-headed ogre
 12129 | D:12     | Noticed a two-headed ogre
 12129 | D:12     | Noticed a two-headed ogre
 12129 | D:12     | Noticed a two-headed ogre
 12134 | D:11     | Killed a two-headed ogre
 12135 | D:11     | Reached skill level 10 in Fighting
 12137 | D:11     | Killed a two-headed ogre
 12251 | Lair:1   | Entered Level 1 of the Lair of Beasts
 12251 | Lair:1   | Noticed Amaemon
 12267 | D:9      | Killed Amaemon
 12465 | Lair:1   | Reached XP level 13. HP: 91/104 MP: 13/13
 12489 | Lair:1   | Identified the ring "Apsaromiu" {Fire Will+ Str+3}
 12625 | Lair:1   | Reached skill level 5 in Evocations
 12639 | Lair:1   | Reached skill level 1 in Invocations
 13025 | Lair:2   | Reached skill level 5 in Short Blades
 13195 | Lair:2   | Found a staircase to the Shoals.
 13206 | Lair:2   | Reached ****** piety under Qazlal
 13788 | Lair:3   | Noticed Rupert
 13801 | Lair:3   | Killed Rupert
 13802 | Lair:3   | Reached skill level 11 in Fighting
 13806 | Lair:3   | Found a dark tunnel.
 13822 | Lair:3   | Noticed Nessos
 13825 | Volcano  | Entered a volcano
 13986 | Volcano  | Gained mutation: Your flesh is heat resistant. (rF+)
                  | [potion of mutation]
 13986 | Volcano  | Gained mutation: Your muscles are strong. (Str +4, Int/Dex
                  | -1) [potion of mutation]
 13986 | Volcano  | Gained mutation: Your mind is acute. (Int +4, Str/Dex -1)
                  | [potion of mutation]
 13986 | Volcano  | Gained mutation: Your flesh is cold resistant. (rC+)
                  | [potion of mutation]
 14042 | Lair:3   | Killed Nessos
 14128 | Lair:3   | Noticed Gastronok
 14143 | Lair:3   | Killed Gastronok
 14173 | Lair:3   | Noticed Snorg
 14184 | Lair:3   | Killed Snorg
 14203 | Lair:3   | Gained mutation: Your hexes are more powerful. [demonic
                  | ancestry]
 14203 | Lair:3   | Reached XP level 14. HP: 113/113 MP: 16/16
 14350 | Lair:3   | Found a hole to the Spider Nest.
 14931 | Lair:4   | Reached skill level 10 in Armour
 15827 | Lair:5   | Entered Level 5 of the Lair of Beasts
 15903 | Lair:4   | Reached skill level 12 in Fighting
 15969 | Lair:5   | Reached skill level 5 in Shields
 16188 | Lair:5   | Found a staircase to the Slime Pits.
 16197 | Lair:5   | Found a viscous altar of Jiyva.
 16569 | Lair:5   | Found a corrupted altar of Lugonu.
 16569 | Lair:5   | Found a one-way gate to the infinite horrors of the Abyss.
 16576 | Lair:5   | Reached skill level 10 in Short Blades
 17124 | Shoals:1 | Entered Level 1 of the Shoals
 17145 | Shoals:1 | Gained mutation: You have a pair of horns on your head.
                  | [demonic ancestry]
 17145 | Shoals:1 | Reached XP level 15. HP: 106/122 MP: 17/17
 17398 | Spider:1 | Entered Level 1 of the Spider Nest
 17415 | Spider:1 | Found a frozen archway.
 17423 | IceCv    | Entered an ice cave
 17807 | IceCv    | Reached skill level 13 in Fighting
 17820 | IceCv    | Identified the +0 pair of boots "Devvic" {Fly rCorr Int+6
                  | Dex-4}
 17859 | IceCv    | Found an ancient bone altar of Kikubaaqudgha.
 17939 | IceCv    | Noticed a lich
 17954 | IceCv    | Killed a lich
 18028 | IceCv    | Identified the ring of Hepliaklqana's Grace {rF+ rC- rN+
                  | rCorr Int+4}
 18292 | Spider:2 | Noticed Arachne
 18292 | Spider:2 | Noticed Frances
 18588 | D:2      | Killed Robin
 18644 | D:2      | Identified the +3 ring mail "Ibrikkax" {rN+}
 18787 | D:2      | Found a faded altar of an unknown god.
 18834 | D:2      | Found a shimmering altar of Xom.
 18977 | D:2      | You fall into a shaft and drop 2 floors!
 19201 | D:12     | Found a staircase to the Orcish Mines.
 19204 | D:12     | Found Ocsitaed's Armour Emporium.
 19736 | Orc:1    | Entered Level 1 of the Orcish Mines
 19736 | Orc:1    | Noticed Maurice
 19782 | Orc:1    | Killed Maurice
 19918 | Orc:1    | Reached skill level 14 in Fighting
 20212 | Orc:2    | Entered Level 2 of the Orcish Mines
 20288 | Orc:2    | Found a staircase to the Elven Halls.
 20713 | Orc:2    | Found Zoticki's General Store.
 20841 | Orc:2    | Found Vuaxzuj's Book Boutique.
 20874 | Orc:2    | Bought a potion of heal wounds for 80 gold pieces
 20874 | Orc:2    | Bought a potion of heal wounds for 80 gold pieces
 20874 | Orc:2    | Bought a potion of curing for 48 gold pieces
 20893 | Orc:2    | Found Qaeph's Antique Armour Boutique.
 20920 | Orc:2    | Found Geetiodgh's Antique Weapon Boutique.
 21215 | Elf:1    | Entered Level 1 of the Elven Halls
 21271 | Elf:1    | Reached skill level 5 in Invocations
 21297 | Elf:1    | Gained mutation: Your melee attacks may debilitate your
                  | foes. [demonic ancestry]
 21297 | Elf:1    | Reached XP level 16. HP: 123/133 MP: 19/19
 21331 | Elf:1    | Identified the +2 war axe "Ynok" {flame, Str+2 Stlth+}
 21426 | Elf:1    | Found an ancient bone altar of Kikubaaqudgha.
 21576 | Elf:1    | Learned a level 2 spell: Ensorcelled Hibernation
 21628 | Elf:1    | Found a crumbling gateway.
 21642 | Desolati | Entered the Desolation of Salt
 22290 | Elf:2    | Reached skill level 1 in Spellcasting
 22451 | Elf:2    | Learned a level 3 spell: Tukima's Dance
 22483 | Elf:2    | Reached skill level 1 in Hexes
 22749 | Elf:2    | Found a runed translucent gate.
 22750 | Elf:2    | Found a runed translucent gate.
 22750 | Elf:2    | Found a runed translucent gate.
 23402 | D:13     | Found a gate to the Vaults.
 24084 | D:14     | Reached skill level 1 in Ice Magic
 24475 | D:15     | Entered Level 15 of the Dungeon
 25073 | D:15     | Reached XP level 17. HP: 128/140 MP: 23/23
 25518 | D:15     | Found a staircase to the Depths.
 25900 | Depths:1 | Entered Level 1 of the Depths
 26094 | Elf:2    | Reached skill level 5 in Hexes
 26302 | Elf:2    | Noticed Saint Roka
 26303 | Elf:2    | Reached skill level 15 in Fighting
 26313 | Elf:2    | Killed Saint Roka
 26786 | Elf:3    | Entered Level 3 of the Elven Halls
 26786 | Elf:3    | Found Naxkinoc's Weapon Boutique.
 26869 | Elf:3    | Noticed a deep elf blademaster
 26887 | Elf:3    | Noticed a Tzitzimitl
 26897 | Elf:3    | Noticed a deep elf blademaster
 26901 | Elf:3    | Identified the +8 broad axe of the Curious Moons {vamp,
                  | +Blink rC- Will+}
 26906 | Elf:3    | Killed a deep elf blademaster
 26907 | Elf:3    | Reached skill level 10 in Dodging
 26910 | Elf:3    | Noticed a deep elf master archer
 26925 | Elf:3    | Killed a deep elf blademaster
 27018 | Elf:3    | Found Luorgh's General Store.
 27153 | Elf:3    | Found Zeiwuam's Self-Improvement Boutique.
 27175 | Elf:3    | Noticed a Brimstone Fiend
 27182 | Elf:3    | Reached skill level 16 in Fighting
 27346 | Elf:3    | Identified the +1 robe of the Indestructible God {Archmagi}
 27355 | Elf:3    | Noticed a deep elf master archer
 28296 | Shoals:2 | Gained mutation: You have a pair of large horns on your
                  | head. [demonic ancestry]
 28296 | Shoals:2 | Reached XP level 18. HP: 139/153 MP: 20/24
 28318 | Shoals:2 | Found Reomogg's Book Shoppe.
 28361 | Shoals:2 | Upgraded the game from 0.30-a0-802-gb92711bcdf to
                  | 0.30-a0-808-g6e0788376e
 28807 | Shoals:3 | Reached skill level 17 in Fighting
 28857 | Shoals:3 | Found Zamian's Jewellery Boutique.
 28933 | Shoals:3 | Found Mykloyjy's Book Boutique.
 29003 | Shoals:3 | Found Citz's Assorted Antiques.
 29016 | Shoals:3 | Bought a manual of Short Blades for 1040 gold pieces
 29041 | Shoals:3 | Bought a scroll labelled NEUDEITESO for 20 gold pieces
 29398 | Shoals:3 | Identified the +11 sling "Iporch" {drain, rElec Will+}
 29399 | Shoals:3 | Found Yruqest's Antique Weapon Boutique.
 29421 | Shoals:3 | Found Cargh's Assorted Antiques.
 29428 | Shoals:3 | Identified the +7 chain mail "Hero's Friend" {rCorr}
 29442 | Shoals:3 | Bought 3 scrolls of teleportation for 369 gold pieces
 29468 | Shoals:3 | Found Kamnirif's Merfolk Armours.
 29547 | Shoals:3 | Found Kamnirif's Merfolk Weapons.
 29547 | Shoals:3 | Found Kamnirif's Merfolk Magic.
 29602 | Shoals:3 | Acquired a scarf of resistance
 29608 | Shoals:4 | Entered Level 4 of the Shoals
 29628 | Shoals:4 | Paralysed by an air elemental for 1 turns
 29818 | Shoals:4 | Identified the ring "Dumiroy" {rElec rF+++ rC+ Will- Str+3}
 29885 | Shoals:4 | Got a barnacled rune of Zot
 29898 | Shoals:4 | Got the Elucidation of Dislocation and Support
 30129 | Shoals:4 | Reached skill level 5 in Spellcasting
 30201 | Shoals:4 | Found a blossoming altar of Fedhas.
 30249 | Shoals:4 | Reached skill level 10 in Shields
 30706 | Vaults:1 | Entered Level 1 of the Vaults
 30840 | Vaults:1 | Noticed Asterion
 30859 | Vaults:1 | Killed Asterion
 31044 | Vaults:1 | Noticed Nikola
 31056 | Vaults:1 | Killed Nikola
 31101 | Vaults:1 | Found Ushyc's Jewellery Shop.
 31423 | Vaults:1 | Found Iniexint's Magic Scroll Emporium.
 31431 | Vaults:1 | Bought a scroll of blinking for 105 gold pieces
 31431 | Vaults:1 | Bought a scroll of teleportation for 42 gold pieces
 31431 | Vaults:1 | Bought a scroll of teleportation for 42 gold pieces
 31438 | Vaults:1 | Found Detoukik's Weapon Emporium.
 31532 | Vaults:1 | Reached XP level 19. HP: 159/163 MP: 28/28
 31554 | Vaults:1 | Found Cibitz's Assorted Antiques.
 31675 | Vaults:1 | Reached skill level 18 in Fighting
 31693 | Vaults:1 | Found Wuj Wuydd's Weapon Shop.
 32335 | Vaults:2 | Found a magical portal.
 32360 | WizLab   | Entered Maxwell's Workshop
 32865 | Vaults:2 | Noticed Zenata
 34160 | Depths:1 | Noticed Bai Suzhen
 34271 | Depths:1 | Killed Bai Suzhen
 34480 | Depths:1 | Found a gateway to Hell.
 34645 | Depths:1 | Identified the ring "Pini Kie" {Ice +Blink Will+ Str-5
                  | Dex+5}
 34811 | Depths:1 | Learned a level 5 spell: Silence
 36020 | Spider:2 | Killed Arachne
 36134 | Spider:2 | Killed Frances
 36219 | Spider:2 | Identified the +1 leather armour of Omission {+Blink rPois
                  | rC- Int+4}
 36755 | Spider:3 | Reached skill level 5 in Ice Magic
 36801 | Spider:3 | Gained mutation: A powerful demonic guardian rushes to your
                  | aid. [demonic ancestry]
 36801 | Spider:3 | Reached XP level 20. HP: 152/172 MP: 32/32
 36850 | Spider:3 | Found a runed translucent gate.
 36850 | Spider:3 | Found a runed translucent gate.
 36851 | Spider:3 | Found a runed translucent gate.
 36851 | Spider:3 | Noticed cforsyth's ghost (adept KoBr)
 36855 | Spider:3 | Reached skill level 19 in Fighting
 37246 | Elf:3    | Identified the +7 dire flail "Decat" {venom, +Blink rPois
                  | rCorr SInv}
 37246 | Elf:3    | Identified the +0 robe of Ryupae {rElec Will+}
 37246 | Elf:3    | Identified the amulet "Jegaeq" {RegenMP rF+}
 37311 | Elf:3    | Bought a manual of Dodging for 1280 gold pieces
 37344 | Elf:3    | Identified the ring "Saumoham" {rN+ Will+ MP+9 Str+3}
 37839 | Hell     | Entered the Vestibule of Hell
 37840 | Hell     | Noticed Geryon
 38110 | Depths:2 | Paralysed by a floating eye for 2 turns
 38233 | Depths:2 | Reached skill level 15 in Dodging
 38271 | Depths:2 | Noticed a juggernaut
 38293 | Depths:2 | Killed a juggernaut
 38861 | Depths:2 | Found a one-way gate leading to the halls of Pandemonium.
 39414 | Depths:3 | Noticed a golden dragon
 39425 | Depths:3 | Killed a golden dragon
 39503 | Depths:3 | Noticed a caustic shrike
 39513 | Depths:3 | Noticed Frederick
 39517 | Depths:3 | Killed a caustic shrike
 39542 | Depths:3 | Killed Frederick
 39828 | Depths:3 | Reached XP level 21. HP: 162/180 MP: 28/33
 40427 | Spider:3 | Reached skill level 15 in Short Blades
 40454 | Spider:3 | Killed cforsyth's ghost
 40567 | Spider:3 | Reached skill level 1 in Air Magic
 40677 | Spider:3 | Identified the +1 cloak "Diloq" {SInv}
 40858 | Spider:4 | Entered Level 4 of the Spider Nest
 41912 | Spider:4 | Got a gossamer rune of Zot
 42766 | Vaults:2 | Found a staircase to the Crypt.
 42774 | Crypt:1  | Entered Level 1 of the Crypt
 42774 | Crypt:1  | Found a transporter.
 43412 | Elf:3    | Identified the +2 arbalest of Red Wine {speed, +Blink}
 43431 | Elf:3    | Identified the +7 scimitar "Guhoz" {flame, Str+4 Int-2}
 43439 | Elf:3    | Identified the +10 flail "Jetak" {heavy, rPois rN+ Str-4}
 43552 | Elf:3    | Identified the +5 chain mail "Hinlohiv" {Str+5}
 43909 | Elf:3    | Found Kymyrchi's Armour Emporium.
 45899 | Vaults:4 | Reached skill level 10 in Spellcasting
 46008 | Vaults:4 | Reached skill level 20 in Fighting
 46009 | Vaults:4 | Reached XP level 22. HP: 116/190 MP: 36/36
 46311 | Vaults:4 | Got the Grimoire of Charms
 46851 | Vaults:5 | Entered Level 5 of the Vaults
 46858 | Vaults:5 | Noticed a golden dragon
 46880 | Vaults:4 | Reached skill level 5 in Air Magic
 47813 | Depths:3 | Found a one-way gateway to a ziggurat.
 47861 | Depths:3 | Identified the +0 arbalest "Qumoraxtant" {penet, Int+8}
 48066 | Depths:4 | Entered Level 4 of the Depths
 48243 | Depths:4 | Reached XP level 23. HP: 196/196 MP: 37/37
 48288 | Depths:4 | Found a gate to the Realm of Zot.
 48771 | Depths:4 | Noticed Mennas
 48806 | Depths:4 | Killed Mennas
 49064 | Depths:4 | Found a corrupted altar of Lugonu.
 49954 | Slime:1  | Entered Level 1 of the Pits of Slime
 50582 | Vaults:2 | Reached skill level 10 in Invocations
 50635 | Vaults:2 | Reached XP level 24. HP: 197/204 MP: 38/38
 51135 | Vaults:5 | Identified the +2 pair of boots of the Lizard {Str+2}
 51186 | Vaults:5 | Noticed Sojobo
 51197 | Vaults:5 | Paralysed by an air elemental for 1 turns
 51206 | Vaults:5 | Paralysed by an air elemental for 1 turns
 51209 | Vaults:5 | Killed Sojobo
 51213 | Vaults:5 | Noticed Boris
 51235 | Vaults:5 | Killed Boris
 51309 | Vaults:5 | Reached skill level 15 in Armour
 51340 | Vaults:5 | Noticed Mara
 51344 | Vaults:5 | Identified the +5 glaive of Checks and Balances {venom,
                  | rElec rF+++ Will- SInv}
 51345 | Vaults:5 | Identified the ring "Isi Yrin" {rC+ rN+ Dex+3}
 51348 | Vaults:5 | Killed Mara
 51947 | Vaults:5 | Noticed an ancient lich
 51962 | Vaults:5 | Killed an ancient lich
 51990 | Vaults:5 | Identified the +9 triple sword of an ice cave {freeze,
                  | Contam rN+ Int+10 Dex-5}
 52931 | Vaults:5 | Got a silver rune of Zot
 52940 | Vaults:5 | Identified the +8 chain mail of the Equinox {rC+ Will+
                  | Dex+4}
 52963 | Vaults:5 | Identified the ring of Ikhuothro {rElec MP-9 Str+4 Int+2
                  | Dex+6}
 52990 | Vaults:5 | Identified the +1 robe of Miycoh {rF+ rCorr}
 53359 | Zot:1    | Entered Level 1 of the Realm of Zot
 53532 | Depths:4 | Reached XP level 25. HP: 211/211 MP: 38/38
 54130 | Hell     | Found a gateway to the freezing wastes of Cocytus.
 54195 | Hell     | Killed Geryon
 54353 | Hell     | Found a gateway to the Iron City of Dis.
 54434 | Hell     | Found a gateway to the decaying netherworld of Tartarus.
 54702 | Hell     | Found a gateway to the ashen valley of Gehenna.
 54955 | Geh:1    | Entered Level 1 of Gehenna
 55330 | Zot:1    | Noticed an orb of fire
 55450 | Zot:1    | Gained mutation: You occasionally lose the ability to read
                  | scrolls when taking damage. [an orb of fire]
 55457 | Zot:1    | Killed an orb of fire
 55547 | Zot:1    | Noticed an orb of fire
 55563 | Zot:1    | Gained mutation: You occasionally lose the ability to drink
                  | potions when taking damage. [an orb of fire]
 55569 | Zot:1    | Gained mutation: You sometimes lose the ability to drink
                  | potions when taking damage. [an orb of fire]
 55571 | Zot:1    | Reached skill level 21 in Fighting
 55585 | Zot:1    | Killed an orb of fire
 55636 | Zot:1    | Identified the ring of Jiwaviep {Ice Str-4 Dex+5}
 55636 | Zot:1    | Noticed Josephina
 55666 | Zot:1    | Killed Josephina
 56204 | Zot:1    | You fall into a shaft and drop 1 floor!
 56887 | Zot:2    | Identified the +1 rapier of Lust {freeze, rElec rF- Str+6}
 57261 | Zot:3    | Reached skill level 22 in Fighting
 57437 | Zot:4    | Noticed Grunn
 57447 | Zot:4    | Gained mutation: You are surrounded by an aura of silence.
                  | [demonic ancestry]
 57447 | Zot:4    | Reached XP level 26. HP: 215/224 MP: 37/40
 57466 | Zot:4    | Killed Grunn
 58045 | Zig:1    | Entered Level 1 of a ziggurat
 58125 | Zig:2    | Entered Level 2 of a ziggurat
 58126 | Zig:2    | Noticed an ancient lich
 58138 | Zig:2    | Killed an ancient lich
 58157 | Zig:3    | Entered Level 3 of a ziggurat
 58159 | Zig:3    | Noticed a juggernaut
 58202 | Zig:3    | Killed a juggernaut
 58231 | Zig:4    | Entered Level 4 of a ziggurat
 58265 | Zig:4    | Identified the +0 glaive of Satomol {flame, *Slow rPois
                  | Int+6 Dex+4}
 58281 | Zig:4    | Learned a level 3 spell: Swiftness
 58331 | Zig:5    | Entered Level 5 of a ziggurat
 58364 | Zig:5    | Found the ring of the Octopus King
 58370 | Zig:5    | Identified the ring "Xeuloe" {Fire rElec Will+++ rCorr
                  | Dex-4}
 58382 | Zig:5    | Identified a ring of the Octopus King {Wiz HP+2 AC+2 EV+2
                  | SH+2}
 58385 | Zig:5    | Identified the amulet of Bikeogimp {RegenMP rCorr}
 58411 | Zig:6    | Entered Level 6 of a ziggurat
 58490 | Zig:6    | Got the Atlas of Baleful Gases
 58506 | Zig:6    | Acquired a manual of Invocations
 58522 | Zig:7    | Entered Level 7 of a ziggurat
 58527 | Zig:7    | Noticed Rietek the pandemonium lord
 58561 | Zig:7    | HP: 4/210 [mummy priest/divine providence[a shadow demon]
                  | (14)]
 58561 | Zig:7    | Mangled by a demonspawn warmonger

Illustrated notes

Levels and vault maps discovered:
D:1:      lightli_arrival_farm, layout_loops_ring
D:2:      kennysheep_big_flooded_room, layout_basic,
          hellmonk_ecumenical_altar_crossroads, basic_altar, minmay_circle_x,
          uniq_robin
D:3:      layout_basic, gup_sewer_entry_pipe, chequers_serial_rivers_small_3,
          nrook_campfire
D:4:      layout_loops_ring, lemuel_coloured_pillars_altar,
          grunt_temple_overflow_open, nicolae_wormholes, uniq_edmund,
          uniq_sigmund
D:5:      layout_basic
D:6:      layout_rooms, minmay_temple_entry_mini_moons, serial_shops,
          nicolae_take_the_stairs
D:7:      layout_cave_pools, grunt_ministairs_6, st_stairs_11,
          due_unseen_surprise
D:8:      layout_cave_pods, nemelex_diamond_rough_becter, gammafunk_ghost_smash,
          uniq_erica
D:9:      layout_rooms, mainiacjoe_overflow_alcove_1,
          due_lair_maze_entry_diamond, uniq_psyche
D:10:     layout_loops_cross, amcnicky_altar_gilded,
          nicolae_ru_great_annihilating_truth, nicolae_trove_entry_columns,
          nicolae_specific_store, kennysheep_decorative_pillar,
          minmay_misc_feat_rugged, grunt_ministairs_10
D:11:     minmay_the_grid_octo_tiled_octocenter [minmay_the_grid_octo_focus,
          minmay_the_grid_octo_horde, minmay_the_grid_octo_clover_2,
          minmay_the_grid_octo_fan_narrow,
          minmay_the_grid_octo_prize_square_snowflake,
          minmay_the_grid_square_5x5_spiral_small,
          minmay_the_grid_square_5x5_two_walls_b,
          minmay_the_grid_square_5x5_slash,
          minmay_the_grid_square_5x5_checkered_sparse], layout_long_grid,
          gauntlet_entry_generic, bh_walls_and_bars
D:12:     layout_rooms, orc_david_3
D:13:     layout_basic, david_vaults_2, lemuel_nasty_fountain
D:14:     layout_stronghold, minmay_misc_feat_square, st_stairs_10
D:15:     hangedman_depths_entry_civil_slaughter, layout_layer_cave,
          serial_glass, glass_columns_a, glass_columns_a, item_on_display_a,
          minmay_strange_pillars, item_on_display_a
Lair:1:   layout_layer_cave, uniq_amaemon
Lair:2:   layout_hall_layers, nicolae_shoals_entry_flooding,
          serial_bayou_shore_b, serial_bayou_shore_a, lemuel_fruit_fields
Lair:3:   layout_chaotic_city, spider_nest_entry_rubble,
          nicolae_volcano_entry_lava_flow, grunt_megastairs_3, uniq_nessos,
          uniq_rupert, uniq_gastronok, uniq_snorg
Lair:4:   layout_roguey, nicolae_lair_liquid_snakes, grunt_megastairs_2
Lair:5:   hellmonk_lair_end_abyssal_woods, layout_hall_layers,
          nicolae_slime_entry_field_trip
Shoals:1: layout_shoals
Shoals:2: layout_shoals, serial_shops, shop
Shoals:3: nicolae_shoals_mermall, layout_shoals, serial_shops,
          nicolae_diamond_shop, shop, nicolae_square_shop,
          nicolae_shop_overgrown_old_shop, nicolae_shop_window_shopping,
          ldierk_geyser
Shoals:4: shoals_end_hellmonk_storm_palace [storm_palace_center_circular,
          storm_palace_corner_blocked, storm_palace_corner_altar,
          storm_palace_corner_reverse_hut, storm_palace_corner_grid]
Spider:1: layout_spider_delve, portal_ice_cave_entry_pillars_three
Spider:2: layout_spider_delve, uniq_arachne, uniq_frances
Spider:3: layout_spider_delve, gammafunk_ghost_tricky_traps
Spider:4: johnstein_spider_rune_arachne_lair
Slime:1:  layout_caves, cheibrodos_slime_lost_civilization_4
Slime:2:  layout_caves
Slime:3:  cheibrodos_slime_lost_civilization_10, layout_caves
Orc:1:    layout_caves, uniq_maurice
Orc:2:    grunt_orc_cross, layout_diamond_mine, nicolae_orc_pool_cavern
Elf:1:    layout_gridlike, basic_altar,
          portal_desolation_entry_nicolae_menacing_earthworks,
          hangedman_elven_crosses_minicolossus
Elf:2:    nicolae_elf_blades_crystal_corner, layout_gridlike,
          grunt_megastairs_4, uniq_saint_roka
Elf:3:    grunt_elf_hall_diamonds, layout_geoelf_castle, serial_shops, shop,
          nicolae_shop_temple_entry_statues_fountains, shop, minivault_27,
          nicolae_shop_self_help
Vaults:1: v_misc_13, vaults_room_ringed_pool, v_misc_22, v_alt_pattern_5,
          vaults_room_semicircle, layout_vaults_quadrants, serial_shops,
          nicolae_shop_statue_plus, nicolae_shop_advertising_works
          [nicolae_subvault_shop_adworks], nicolae_shop_bloodbath_and_beyond,
          nicolae_shop_behind_doors, nicolae_shop_stone, uniq_asterion,
          uniq_nikola
Vaults:2: lightli_enter_wizlab_magi_temple, blue_anna_dwarven_crypt, v_misc_10,
          nicolae_vaults_network_barrier, grunt_vaults_focal,
          nicolae_vaults_angled_halls, hangedman_vaults_variations,
          v_alt_pattern_1, vaults_dpeg_spiral, hangedman_vaults_nodes,
          vaults_room_pools, nicolae_vaults_little_squares_5, vaults_room_pool,
          nicolae_vaults_ring_of_whatevers, layout_vaults_maze_bifur,
          uniq_zenata
Vaults:3: v_misc_33, ontoclasm_vaults_ring_square, vaults_room_stairs_pillars,
          v_misc_33, nicolae_vaults_network_quinsquares
          [nicolae_vaults_network_quincunx_subvault,
          nicolae_vaults_network_quincunx_subvault,
          nicolae_vaults_network_quincunx_subvault,
          nicolae_vaults_network_quincunx_subvault], ontoclasm_vaults_hangar,
          vaults_dpeg_ring, nicolae_vaults_specimen_jars,
          ontoclasm_vaults_twist, hangedman_vaults_trim, vaults_dpeg_diagonal,
          nicolae_vaults_sealed_display, layout_vaults_chaotic_city
Vaults:4: hangedman_vaults_slice, st_spiral_rooms, v_misc_9, v_misc_30,
          ontoclasm_vaults_eye, grunt_vaults_swirl, nicolae_vaults_rhombus_5,
          ontoclasm_vaults_decontamination, v_misc_23, ontoclasm_vaults_fault,
          vaults_room_grid, nicolae_vaults_diagonal_hallway_6,
          ontoclasm_vaults_loading_screen, nicolae_vaults_border_crossing,
          layout_vaults_omnicross
Vaults:5: serial_shops, uniq_sojobo, uniq_boris, uniq_mara
Crypt:1:  gammafunk_the_bubble [the_bubble_gammafunk_crates], layout_basic,
          minmay_misc_feat_cross, amcnicky_mini_corridor_feature
Depths:1: layout_cave_shapes, minmay_misc_feat_four_crosses, hell_entry,
          kilobyte_mutagenic_chamber, infiniplex_staircase_pool_lava,
          uniq_bai_suzhen
Depths:2: nzn_winding_woodlands_three_and_one
          [nzn_winding_woodlands_5x15_parted,
          nzn_winding_woodlands_5x15_concentric,
          nzn_winding_woodlands_5x15_sidewinder,
          nzn_winding_woodlands_center_diamonds], layout_gridlike,
          minmay_misc_feat_plants, grunt_pan_entry_spiral, pf_coc_iceberg,
          infiniplex_staircase_spiral
Depths:3: minmay_curly_fans, layout_honeycomb, enter_ziggurat_f, abyss_entry,
          grunt_metal_band, st_stairs_1, uniq_frederick
Depths:4: grunt_zot_entry_funnels, layout_twisted_cross,
          abyss_entry_flame_altar, grunt_decor_cap, hellmouth_1,
          rand_demon_pan_entry_7, serial_bayou_shore_b, uniq_mennas
Hell
Geh:1:    layout_gehenna_pools_box, lemuel_hellion_isle
Zot:1:    layout_concentric_octagons, zot_minivault_1, uniq_josephina
Zot:2:    layout_basic
Zot:3:    layout_misc_corridors
Zot:4:    hangedman_snap_crack_crunch, layout_cathedral_of_symmetry, uniq_grunn
Zig:7

Skill      XL: |  1  2  3  4  5  6  7  8  9 10 11 12 13 14 15 16 17 18 19 20 21 22 23 24 25 26 |
---------------+-------------------------------------------------------------------------------+-----
Shields        | 3 6 7 8 10 12 | 12.0
Long Blades    | 2 3 5 7 10 11 12 | 12.4
Armour         | 3 6 7 8 9 10 11 12 13 16 18 | 18.0
Dodging        | 1 6 7 8 9 10 13 17 18 | 18.2
Fighting       | 6 7 8 10 11 12 14 16 17 18 19 20 22 | 22.5
Stealth        | 4 5 6 |  6.3
Evocations     | 1 4 5 |  5.3
Throwing       | 3 |  3.0
Short Blades   | 3 8 10 11 14 16 17 | 17.5
Invocations    | 3 5 8 10 13 | 13.0
Spellcasting   | 4 6 8 10 11 13 14 | 14.0
Hexes          | 4 7 8 9 |  9.1
Ice Magic      | 2 5 7 |  7.2
Air Magic      | 4 6 7 |  7.0
Transmutations | |  0.3

Action                     |  1- 3 |  4- 6 |  7- 9 | 10-12 | 13-15 | 16-18 | 19-21 | 22-24 | 25-27 || total
---------------------------+-------+-------+-------+-------+-------+-------+-------+-------+-------++-------
  Melee: Long sword        |   132 |   125 |   313 |     1 |       |       |       |       |       ||   571
         Punch             |     1 |       |     6 |     5 |    15 |     7 |       |       |       ||    34
         Headbutt          |       |    13 |    64 |    95 |   278 |   364 |   651 |   577 |   502 ||  2544
         Scimitar          |       |       |       |   276 |       |       |       |       |       ||   276
         Rapier            |       |       |       |   138 |   941 |  1151 |  1817 |  1449 |  1217 ||  6713
  Throw: Javelin           |       |       |       |     8 |     4 |     6 |    22 |     6 |     3 ||    49
         Dart              |       |       |       |       |       |     4 |       |       |       ||     4
   Cast: Beastly Appendage |       |       |       |     1 |       |       |       |       |       ||     1
         Ensorcelled Hiber |       |       |       |       |       |       |    19 |       |     9 ||    28
         Tukima's Dance    |       |       |       |       |       |       |       |     3 |    33 ||    36
         Silence           |       |       |       |       |       |       |       |       |     2 ||     2
 Invoke: Elemental Force   |       |       |       |       |     2 |     5 |       |     2 |       ||     9
         Upheaval          |       |       |       |       |     1 |       |       |       |       ||     1
  Evoke: Wand              |       |       |     3 |     5 |    34 |    34 |    39 |    50 |    21 ||   186
         Piece from Xom's  |       |       |       |     1 |     5 |     1 |     1 |     4 |     3 ||    15
         Phantom mirror    |       |       |       |       |     1 |     2 |     3 |     1 |     1 ||     8
         Box of beasts     |       |       |       |       |       |       |     4 |       |       ||     4
         Phial of floods   |       |       |       |       |       |       |       |     5 |     3 ||     8
    Use: Scroll            |     1 |     4 |     4 |    13 |     6 |    11 |     9 |    12 |    10 ||    70
         Potion            |       |     5 |     2 |     4 |     8 |     1 |     2 |     6 |     2 ||    30
   Stab: Sleeping          |       |     1 |       |       |       |       |     1 |       |     1 ||     3
         Distracted        |       |       |     1 |     2 |     9 |    26 |    40 |    33 |    31 ||   142
         Petrified         |       |       |       |     2 |       |       |       |       |       ||     2
         Paralysed         |       |       |       |       |    15 |    17 |    16 |    10 |    11 ||    69
         Invisible         |       |       |       |       |     1 |     6 |     3 |     7 |       ||    17
 Armour: Scale mail        |    89 |    91 |    43 |       |       |       |       |       |       ||   223
         Chain mail        |       |       |   109 |     7 |   443 |   348 |   323 |   303 |   244 ||  1777
         Steam dragon scal |       |       |    43 |    49 |       |       |       |       |       ||    92
         Acid dragon scale |       |       |       |    72 |       |       |       |       |       ||    72
         Skin              |       |       |       |     3 |       |       |       |       |       ||     3
  Dodge: Dodged            |    84 |   134 |   241 |   353 |   477 |   662 |  1176 |  1073 |  1079 ||  5279
         Repelled          |       |       |       |     6 |     7 |    10 |    18 |    17 |    33 ||    91
  Block: Other             |       |       |    25 |   110 |   325 |   134 |       |       |       ||   594
         Buckler           |       |       |       |       |       |   417 |  1166 |   990 |   994 ||  3567
         Reflection        |       |       |       |       |       |       |    45 |    35 |     4 ||    84

Table legend: (Time is in decaauts)
 A = Elapsed time spent in this place.
 B = Non-inter-level travel time spent in this place.
 C = Inter-level travel time spent in this place.
 D = Time resting spent in this place.
 E = Time spent auto-exploring this place.
 F = Levels seen in this place.
 G = Mean time per level.
                   A        B        C        D        E       F      G
               +--------+--------+--------+--------+--------+-----+--------+
         Total |  56178 |  49555 |   6623 |   4871 |  26427 |  65 |  864.3 |
       Dungeon |  16834 |  14301 |   2533 |   1234 |   9416 |  15 | 1122.3 |
          Lair |   5611 |   4592 |   1019 |    184 |   2901 |   5 | 1122.2 |
        Shoals |   3253 |   2840 |    413 |     88 |   1481 |   4 |  813.2 |
   Spider Nest |   3918 |   3623 |    295 |    621 |   1666 |   4 |  979.5 |
    Slime Pits |    293 |    293 |      0 |      0 |      0 |   3 |   97.7 |
  Orcish Mines |   1610 |   1373 |    237 |     61 |    840 |   2 |  805.0 |
   Elven Halls |   4328 |   3917 |    411 |    268 |   2218 |   3 | 1442.7 |
        Vaults |   7980 |   7255 |    725 |    990 |   3617 |   5 | 1596.0 |
         Crypt |     12 |     12 |      0 |      0 |      0 |   1 |   12.0 |
        Depths |   5934 |   5163 |    771 |    514 |   2470 |   4 | 1483.5 |
          Hell |   1117 |   1042 |     75 |    280 |    448 |   1 | 1117.0 |
       Gehenna |      8 |      8 |      0 |      0 |      0 |   1 |    8.0 |
           Zot |   2036 |   1897 |    139 |     60 |    388 |   4 |  509.0 |
      Ziggurat |    458 |    458 |      0 |     88 |      0 |   7 |   65.4 |
         Sewer |   1072 |   1072 |      0 |    201 |    591 |   1 | 1072.0 |
      Ice Cave |    680 |    680 |      0 |    152 |    257 |   1 |  680.0 |
       Volcano |    190 |    190 |      0 |      0 |     18 |   1 |  190.0 |
        Wizlab |     95 |     95 |      0 |      0 |      0 |   1 |   95.0 |
    Desolation |     42 |     42 |      0 |      0 |      0 |   1 |   42.0 |
      Gauntlet |    701 |    701 |      0 |    129 |    113 |   1 |  701.0 |
               +--------+--------+--------+--------+--------+-----+--------+

Top non-repeatable levels by time:
Vaults:4: 1884 daAuts
Depths:4: 1856 daAuts
   Elf:2: 1820 daAuts
Vaults:1: 1704 daAuts
     D:8: 1693 daAuts
    D:15: 1655 daAuts
   Elf:3: 1642 daAuts
Vaults:5: 1633 daAuts
     D:5: 1586 daAuts
Depths:2: 1559 daAuts
Vaults:3: 1489 daAuts
Depths:3: 1476 daAuts
    D:11: 1431 daAuts
Spider:3: 1341 daAuts
    D:13: 1276 daAuts
